 Dungeon Crawl Stone Soup version 0.28-a0-804-g60983d4ba9 (webtiles) character file.

Game seed: 4528392828520044323

44 vurker the Gusty (level 3, -8/23 HPs)
             Began as an Octopode Air Elementalist on Nov 7, 2021.
             Killed from afar by Natasha (10 damage)
             ... with a puff of flame
             ... on level 2 of the Dungeon.
             The game lasted 00:01:36 (1512 turns).

vurker the Gusty (Octopode Air Elementalist)        Turns: 1512, Time: 00:01:37

Health: -8/23      AC:  1    Str:  7    XL:     3   Next: 60%
Magic:  3/6        EV: 13    Int: 18    God:
Gold:   71         SH:  0    Dex: 12    Spells: 6/7 levels left

rFire   . . .      SeeInvis .   (no weapon)
rCold   . . .      Faith    .   (no shield)
rNeg    . . .      Spirit   .   (helmet restricted)
rPois   .          Reflect  .   (no amulet)
rElec   .          Harm     .   (no ring)
rCorr   .          Rampage  .   (no ring)
Will    .....                   (no ring)
Stlth   +++.......              (no ring)
HPRegen 0.07/turn               (no ring)
MPRegen 0.10/turn               (no ring)
                                (no ring)
                                (no ring)

@: slowed, very slow
A: almost no armour, amphibious, 8 rings, camouflage 1, gelatinous body 1,
(nimble swimmer 1), tentacles
a: no special abilities


You were on level 2 of the Dungeon.
You visited 1 branch of the dungeon, and saw 2 of its levels.

You collected 71 gold pieces.

Inventory:

Scrolls
 c - a scroll of magic mapping {unknown}
Potions
 a - a potion of mutation {unknown}
 b - 2 potions of resistance {unknown}


   Skills:
 + Level 1.1 Fighting
 - Level 2.0 Dodging
 - Level 2.6 Stealth
 * Level 2.5 Spellcasting
 + Level 1.6 Conjurations
 * Level 3.5 Air Magic


You had 6 spell levels left.
You knew the following spells:

 Your Spells              Type           Power      Damage    Failure   Level
a - Shock                 Conj/Air       44%        1d5       6%          1

Your spell library contained the following spells:

 Spells                   Type           Power      Damage    Failure   Level
 Static Discharge         Conj/Air       11%        N/A       9%          2
 Swiftness                Air            15%        N/A       12%         3
 Airstrike                Air            7%         N/A       36%         4


Dungeon Overview and Level Annotations

Branches:
Dungeon (2/15)

Altars:

Annotations:
D:2 Natasha


Innate Abilities, Weirdness & Mutations

You cannot wear most types of armour.
You are amphibious.
You can wear up to eight rings at the same time.
Your skin changes colour to match your surroundings (Stealth+).
Your rubbery body absorbs attacks. (AC +1, EV +1)
((You are camouflaged near water. (Stealth+)))
You have tentacles for arms and can constrict up to eight enemies at once.


Message History

There is an open door here.
Done exploring.
Done exploring.
You can't see any susceptible monsters within range! (Use Z to cast anyway.) Done exploring.
Done exploring.
There is an open door here.
There is a stone staircase leading down here.
You climb downwards.
There is a stone staircase leading up here.
An adder comes into view.
Aim: an adder (asleep, 100% to hit)
The zap hits the adder.
There is a stone staircase leading up here.
Aim: an adder (heavily wounded, 48% to hit)
The zap hits the adder.
The zap misses the adder.
The adder bites you.
You are poisoned.
The adder poisons you!
Aim: an adder (severely wounded, 48% to hit)
The zap hits the adder.
You kill the adder!
You feel sick.
You feel sick.
You feel sick.
You feel sick.
You feel sick.
You are no longer poisoned.
Natasha, Servant of Life and Death comes into view.
She is carrying a wand of flame (14).
Natasha hisses angrily.
The zap hits Natasha. x2
Okay, then.
Natasha casts a spell at you. You resist with significant effort.
The zap hits Natasha.
Natasha casts a spell at you.
You feel yourself slow down. That beam is likely to hit you.
Continue anyway?
Okay, then.
The zap misses Natasha.
Natasha drinks a potion.
Natasha seems to speed up.
Natasha stares at you and mumbles some strange words.
The magic dart hits you!
The zap hits Natasha.
Natasha barely misses you. Natasha claws you!
* * * LOW HITPOINT WARNING * * *
Natasha zaps a wand.
The puff of flame hits you!
* * * LOW HITPOINT WARNING * * *
Natasha barely misses you.
Natasha zaps a wand.
The puff of flame hits you!
You die...

. #. #### ##.#
#.. #...##.#
#.#.# ### ##..#
#... #..# #.#.#
##h## ..####.
#.###@##
.......###...##
#..###.###
##.<†....#
#.###.#.#
#.....#.#
#..##....
..###..... ..#
.......


You could see Natasha (fast).

Vanquished Creatures
  An adder (D:2)
  A dart slug (D:1)
  4 ball pythons (D:1)
  2 bats (D:1)
  5 endoplasms (D:1)
  5 kobolds (D:1)
  A quokka (D:1)
  4 frilled lizards (D:1)
  5 goblins (D:1)
  3 rats (D:1)
31 creatures vanquished.

Notes
Turn   | Place    | Note
-------+----------+-------------------------------------------
     0 | D:1      | vurker the Octopode Air Elementalist began the quest for
                  | the Orb.
     0 | D:1      | Reached XP level 1. HP: 11/11 MP: 3/3
   159 | D:1      | Reached XP level 2. HP: 10/17 MP: 0/5
   737 | D:1      | Reached XP level 3. HP: 22/22 MP: 3/6
   877 | D:1      | Found a faded altar of an unknown god.
  1030 | D:1      | Reached skill level 1 in Fighting
  1504 | D:2      | Noticed Natasha
  1512 | D:2      | Killed from afar by Natasha

Illustrated notes

Levels and vault maps discovered:
D:1:      dpeg_arrival_oval, layout_basic,
          hellmonk_ecumenical_altar_inner_sanctum, minmay_misc_feat_pillars,
          minmay_pentomino_q2
D:2:      layout_loops_ring, minmay_close_crescents, uniq_crazy_yiuf_cottage,
          uniq_natasha, uniq_terence

Skill      XL: |  1  2  3 |
---------------+----------+-----
Fighting       | 1 |  1.1
Dodging        | |  2.0
Stealth        | |  2.6
Spellcasting   | |  2.5
Conjurations   | |  1.6
Air Magic      | |  3.5

Action                   || total
-------------------------++-------
Melee: Unarmed           ||    13
       Constrict         ||     3
       Tentacles         ||     1
 Cast: Shock             ||    60
Armor: Skin              ||     1
Dodge: Dodged            ||     8

Table legend: (Time is in decaauts)
 A = Elapsed time spent in this place.
 B = Non-inter-level travel time spent in this place.
 C = Inter-level travel time spent in this place.
 D = Time resting spent in this place.
 E = Time spent auto-exploring this place.
 F = Levels seen in this place.
 G = Mean time per level.
                   A        B        C        D        E       F      G
               +--------+--------+--------+--------+--------+-----+--------+
         Total |   1513 |   1493 |     20 |      0 |   1331 |   2 |  756.5 |
       Dungeon |   1513 |   1493 |     20 |      0 |   1331 |   2 |  756.5 |
               +--------+--------+--------+--------+--------+-----+--------+

Top non-repeatable levels by time:
     D:1: 1377 daAuts
     D:2: 136 daAuts
